 Dungeon Crawl Stone Soup version 0.27-a0-1438-g9b7c6745da (webtiles) character file.

Game seed: 13847567274235008442

7 Gargoyl the Skirmisher (level 2, -8/29 HPs)
             Began as a Gnoll Abyssal Knight on July 4, 2021.
             Was a Follower of Lugonu.
             Mangled by a jumping spider (19 damage)
             ... summoned by a worldbinder
             ... on level 1 of the Abyss.
             The game lasted 00:00:20 (130 turns).

Gargoyl the Skirmisher (Gnoll Abyssal Knight)        Turns: 130, Time: 00:00:20

Health: -8/29      AC:  3    Str: 11    XL:     2   Next: 4%
Magic:  14/14      EV: 11    Int: 11    God:    Lugonu [*.....]
Gold:   11         SH:  0    Dex: 11    Spells: 1/1 levels left

rFire    . . .     SeeInvis .   a - +1 hand axe
rCold    . . .     Faith    .   (no shield)
rNeg     . . .     Spirit   .   b - +0 leather armour
rPois    .         Reflect  .   (no helmet)
rElec    .         Harm     .   (no cloak)
rCorr    .         Rampage  .   (no gloves)
Will     .....                  (no boots)
Stlth    +.........             (no amulet)
HPRegen  0.09/turn              d - ring of magical power
MPRegen  0.14/turn              (no ring)

@: no status effects
A: fangs 1, strong nose, distributed training
a: Renounce Religion, Depart the Abyss


You were on level 1 of the Abyss.
You worshipped Lugonu.
Lugonu was aware of your devotion.
You visited 0 branches of the dungeon, and saw 0 of its levels.
You visited the Abyss 1 time.

You collected 11 gold pieces.

Inventory:

Hand Weapons
 a - a +1 hand axe (weapon)
Armour
 b - a +0 leather armour (worn)
Jewellery
 d - a ring of magical power (left hand)


   Skills:
 + Level 6.4 Fighting
 + Level 0.2 Short Blades
 + Level 0.2 Long Blades
 + Level 4.4 Axes
 + Level 0.2 Maces & Flails
 + Level 0.2 Polearms
 + Level 0.2 Staves
 + Level 0.2 Slings
 + Level 0.2 Bows
 + Level 0.2 Crossbows
 + Level 0.2 Throwing
 + Level 4.4 Armour
 + Level 2.4 Dodging
 + Level 0.2 Stealth
 + Level 0.2 Shields
 + Level 0.2 Unarmed Combat
 + Level 0.2 Spellcasting
 + Level 0.1 Conjurations
 + Level 0.1 Hexes
 + Level 0.1 Summonings
 + Level 0.1 Necromancy
 + Level 0.1 Translocations
 + Level 0.1 Transmutations
 + Level 0.1 Fire Magic
 + Level 0.1 Ice Magic
 + Level 0.1 Air Magic
 + Level 0.1 Earth Magic
 + Level 0.1 Poison Magic
 + Level 4.4 Invocations
 + Level 0.2 Evocations


You had one spell level left.
You didn't know any spells.
Your spell library was empty.

Dungeon Overview and Level Annotations

Branches:
Dungeon (0/15)

Altars:


Innate Abilities, Weirdness & Mutations

You have very sharp teeth.
Your uncanny sense of smell can sniff out nearby items.
Your experience applies equally to all skills.


Message History

The white imp misses you.
You hit the white imp.
You bite the white imp, but do no damage.
The white imp is severely wounded.
The white imp gestures at you. The puff of frost hits you.
You hit the white imp.
The white imp is almost dead.
You feel yourself slow down.
The white imp hits you but does no damage.
You hit the white imp.
You kill the white imp!
You have reached level 2!
Found 21 stones.
A worldbinder comes into view.
You see here a scroll labelled UMYC BINLI.
Okay, then.
As you read the scroll labelled UMYC BINLI, it crumbles to dust.
It is a scroll of identify.
You don't have any unidentified items.
The worldbinder calls forth creatures from the Spider Nest!
The worldbinder calls forth creatures from the Spider Nest!
The jumping spider disappears in a puff of smoke!
The orb spider pulsates with a strange energy.
The jumping spider leaps!
The orb spider disappears in a puff of smoke!
The worldbinder hits you. The worldbinder closely misses you.
The orb spider disappears in a puff of smoke!
The worldbinder barely misses you. The worldbinder misses you.
The worldbinder calls forth creatures from the Spider Nest!
The jumping spider leaps! x2
The jumping spider leaps!
The worldbinder misses you.
The worldbinder hits you but does no damage.
Unknown command.
The worldbinder hits you. The worldbinder barely misses you.
The jumping spider leaps!
The jumping spider disappears in a puff of smoke!
The jumping spider pounces on you!!
Ouch! That really hurt!
You die...

.. ..# .. # #.. #..
## .# .
..#..#.##.####.
#○##.. ......#.....#
.##.....
.....#..#.#.###....#
. ............§.#
..#.....##.......#
.# # ##...#.#..xs#
.. .s.##...°##.@#
.....
.##...#..#.....# ...
.###.###.##.#..#.#
.....#...
....##..#..
..#..###... ...#
#.#.# .###.....#
..#.. #...# ..#....
. . . #. . .#
.......#.# . . #
.....#..##


You could see a worldbinder and a jumping spider (summoned).

Vanquished Creatures
  A white imp (Abyss:1)
1 creature vanquished.

Notes
Turn   | Place    | Note
-------+----------+-------------------------------------------
     0 | Abyss:1  | Gargoyl the Gnoll Abyssal Knight began the quest for the
                  | Orb.
     0 | Abyss:1  | Reached XP level 1. HP: 23/23 MP: 3/3
    97 | Abyss:1  | Reached XP level 2. HP: 16/29 MP: 5/5
   101 | Abyss:1  | Noticed a worldbinder
   110 | Abyss:1  | Noticed a jumping spider
   112 | Abyss:1  | Noticed an orb spider
   112 | Abyss:1  | Noticed an orb spider
   112 | Abyss:1  | Noticed a jumping spider
   126 | Abyss:1  | Noticed a jumping spider
   126 | Abyss:1  | Noticed a jumping spider
   130 | Abyss:1  | Mangled by a jumping spider

Illustrated notes

Levels and vault maps discovered:
Abyss:1:  base: Temple, base:
Temple

Action                   || total
-------------------------++-------
Melee: Hand axe          ||     7
       Bite              ||     2
  Use: Potion            ||     1
       Scroll            ||     1
Armor: Leather armour    ||     2
Dodge: Dodged            ||     7

Table legend: (Time is in decaauts)
 A = Elapsed time spent in this place.
 B = Non-inter-level travel time spent in this place.
 C = Inter-level travel time spent in this place.
 D = Time resting spent in this place.
 E = Time spent auto-exploring this place.
 F = Levels seen in this place.
 G = Mean time per level.
                   A        B        C        D        E       F      G
               +--------+--------+--------+--------+--------+-----+--------+
         Total |    109 |    109 |      0 |      0 |     64 |   1 |  109.0 |
         Abyss |    109 |    109 |      0 |      0 |     64 |   1 |  109.0 |
               +--------+--------+--------+--------+--------+-----+--------+

Top non-repeatable levels by time:
 Abyss:1: 109 daAuts
